 Seeded DCSS version 0.31-a0-435-g2c6fae2916 (webtiles) character file.

Game seed: 13532415758814214178 (custom seed)

30664 innerfire43 the Mimic (level 13, -8/86 HPs)
             Began as a Demonspawn Monk on July 26, 2023.
             Was a High Priest of Qazlal.
             Collided with a briar patch (17 damage)
             ... caused by a swamp worm
             ... on level 3 of the Lair of Beasts on Aug 1, 2023.
             The game lasted 00:33:33 (11865 turns).

innerfire43 the Mimic (Demonspawn Monk)            Turns: 11865, Time: 00:33:34

Health: -8/86      AC: 14    Str: 16    XL:     13   Next: 21%
Magic:  20/20      EV:  9    Int: 17    God:    Qazlal [*****.]
Gold:   1035       SH: 14    Dex: 17    Spells: 22/22 levels left

rFire   + + .        m - +5 trident "Spiderbane" {protect, rF+}
rCold   + . .        d - orb {light}
rNeg    . . .        E - +4 chain mail
rPois   +            (helmet currently unavailable)
rElec   +            (cloak currently unavailable)
rCorr   +            (gloves currently unavailable)
SInv    .            (boots currently unavailable)
Will    .....        F - amulet of faith Stlth
                     p - ring of wizardry
HPRegen 0.34/turn    x - +6 ring of intelligence
MPRegen 0.17/turn

%: repel missiles, faith, wizardry (x1)
@: beast-form, resistant, glowing
A: beast (slay +7), hooves 2, large bone plates 3, foul stench 3
a: Begin Untransformation, Renounce Religion, Upheaval, Elemental Force,
Disaster Area


You were on level 3 of the Lair of Beasts.
You worshipped Qazlal.
Qazlal was extremely pleased with you.
You were a hulking beast.
You visited 3 branches of the dungeon, and saw 12 of its levels.
You also visited: Volcano.

You collected 1222 gold pieces.
You spent 187 gold pieces at shops.

Inventory:

Hand Weapons
 a - a +0 hand axe
 m - the +5 trident "Spiderbane" (weapon) {protect, rF+}
   (You bought it in a shop on level 3 of the Dungeon)

   rF:        It protects you from fire.
Missiles
 h - 3 throwing nets
Armour
 b - a +0 robe
 d - an orb of light (worn)
 E - a +4 chain mail (worn)
 G - a +0 pair of gloves
 N - a +0 hat of stealth
 O - a +0 troll leather armour
Jewellery
 p - a ring of wizardry (left hand)
 x - a +6 ring of intelligence (right hand)
 F - an amulet of faith (around neck)
 Q - a ring of protection from cold
 T - a ring of poison resistance
Talismans
 e - a serpent talisman
 i - a beast talisman (active)
Wands
 t - a wand of flame (43)
 v - a wand of light (3)
 A - a wand of digging (13)
 B - a wand of mindburst (13)
 K - a wand of polymorph (7)
Scrolls
 f - 2 scrolls of identify
 g - a scroll of amnesia
 k - 2 scrolls of poison
 o - 2 scrolls of fog
 s - 2 scrolls of enchant armour
 u - 2 scrolls of noise
 y - 2 scrolls of blinking
 D - 2 scrolls of immolation
 I - 2 scrolls of teleportation {unknown}
 J - a scroll of revelation {unknown}
 R - a scroll of fear {unknown}
Potions
 c - a potion of ambrosia
 j - 2 potions of might
 l - a potion of heal wounds
 n - 3 potions of invisibility {unknown}
 q - a potion of brilliance {unknown}
 r - 3 potions of mutation {unknown}
 w - a potion of haste {unknown}
 z - 5 potions of magic {unknown}
 C - a potion of curing
 L - a potion of degeneration {unknown}
 M - a potion of lignification {unknown}
 S - 2 potions of cancellation {unknown}
Miscellaneous
 P - a phial of floods


   Skills:
 - Level 3.0 Fighting
 - Level 3.1(6.5) Axes
 - Level 8.9(9.2) Polearms
 - Level 7.1 Armour
 - Level 3.1 Dodging
 * Level 5.0 Spellcasting
 * Level 5.4 Conjurations
 * Level 4.9 Earth Magic
 - Level 10.0 Invocations
 - Level 11.2 Shapeshifting


You had 22 spell levels left.
You didn't know any spells.
Your spell library contained the following spells:

 Spells                   Type           Power      Damage    Failure   Level
 Stone Arrow              Conj/Erth      42%        3d9       19%         3
 Momentum Strike          Conj/Tloc      26%        3d8       26%         2
 Summon Small Mammal      Summ           16%        N/A       45%         1
 Hailstorm                Conj/Ice       13%        3d5       45%         3
 Blink                    Tloc           8%         N/A       58%         2
 Cigotuvi's Dreadful Rot  Necr/Pois/Air  8%         N/A       58%         2
 Lesser Beckoning         Tloc           8%         N/A       58%         2
 Scorch                   Fire           8%         2d5       58%         2
 Call Canine Familiar     Summ           4%         N/A       80%         3
 Gell's Gravitas          Tloc           4%         N/A       80%         3
 Ignite Poison            Fire/Tmut/Pois 4%         N/A       80%         3
 Summon Guardian Golem    Hex/Summ       4%         N/A       80%         3
 Teleport Other           Tloc           4%         N/A       80%         3
 Vhi's Electric Charge    Tloc/Air       8%         N/A       80%         3
 Flame Wave               Conj/Fire      13%        2d6       83%         4
 Animate Armour           Summ/Erth      24%        N/A       86%         4
 Summon Ice Beast         Ice/Summ       4%         N/A       99%         4
 Arcjolt                  Conj/Air       6%         1d16      99%         5
 Freezing Cloud           Conj/Ice/Air   5%         6-21      99%         5
 Dispersal                Tloc           2%         N/A       100%        6
 Simulacrum               Ice/Necr       2%         N/A       100%        6
 Summon Cactus Giant      Summ           2%         N/A       100%        6
 Lehudib's Crystal Spear  Conj/Erth      10%        10d4      100%        8
 Maxwell's Capacitive Co  Air            2%         ∞         100%        8


Dungeon Overview and Level Annotations

Branches:
Dungeon (8/15)             Temple (1/1) D:4            Lair (3/5) D:8
  Swamp (0/4) Lair:2       Spider (0/4) Lair:2      Volcano (visited)

Altars:
Ashenzari
Cheibriados
Dithmenos
Fedhas
Gozag
Hepliaklqana
Kikubaaqudgha
Makhleb
Nemelex Xobeh
Okawaru
Qazlal
Sif Muna
Trog
Vehumet
Wu Jian
Xom
Yredelemnul

Shops:
D:3 (

Annotations:
D:8 4 transporters
Lair:3 1 transporter


Innate Abilities, Weirdness & Mutations

You are a hulking beast.
Your limbs bulge with bestial killing power. (Slay +7)
You have hoof-like feet.
You are completely covered in large bone plates. (SH +8)
You frequently emit foul miasma when damaged in melee.


Message History

The swamp worm fires a harpoon shot at you.
You block the harpoon shot.
The swamp worm fires a harpoon shot at you.
The harpoon shot is repelled.
The swamp worm fires a harpoon shot at you.
The harpoon shot is repelled.
Unknown command.
You are struck by the briar patch's thorns.
You hit the briar patch. You kick the briar patch!
The briar patch is severely damaged.
Unknown command.
You hit the briar patch.
The briar patch is almost destroyed.
The swamp worm fires a harpoon shot at you.
The harpoon shot misses you.
Unknown command.
You are struck by the briar patch's thorns.
You hit the briar patch.
You destroy the briar patch!
The swamp worm fires a harpoon shot at you.
The harpoon shot is repelled.
Unknown command.
You feel protected.
The swamp worm fires a harpoon shot at you.
You block the harpoon shot.
Unknown command.
You hit the briar patch but do no damage.
You kick the briar patch, but do no damage.
The swamp worm fires a harpoon shot at you.
You block the harpoon shot.
You hit the briar patch.
You kick the briar patch, but do no damage.
The briar patch is lightly damaged.
The swamp worm fires a harpoon shot at you.
The harpoon shot hits you!!
* * * LOW HITPOINT WARNING * * *
You are yanked forward by the harpoon shot.
You collide with the briar patch!
The briar patch is almost destroyed.
You die...

..###.# #....#)([#...## ###
#.# ##.####+####..## ## ###
###.#w≈P○P≈##...# .#
#...##≈P^P≈w#..## #####
###.#♣≈P^☼###..(# ....#
##.###°^P≈w#..## ....#
#..#w○P^P§##..P# ....#
#..##≈P○P≈w#..##
....######..#♣≈○hP≈##..P#
######.##...###.§P###..## ###
..............#####.....###.#
...##...........©...#......##
...P#....#.........##......#
.....................#.....###
...............###...........#
................<..##........#
............................##


You could see 5 swamp worms.

Vanquished Creatures
  Gastronok (Lair:3)
  3 hydras (Lair:2)
  A catoblepas (Lair:1)
  Erica (D:8)
  A two-headed ogre (D:8)
  A skyshark (Lair:3)
  3 lindwurms
  A cyclops (D:8)
  2 toenail golems (Volcano)
  2 molten gargoyles (Volcano)
  10 cane toads
  A gargoyle (D:7)
  3 efreet (Volcano)
  3 rime drakes
  6 komodo dragons
  A polar bear (Lair:3)
  A tyrant leech (Lair:2)
  Prince Ribbit (D:5)
  3 blink frogs (Lair:2)
  9 dream sheep (Lair:3)
  A jumping spider (Lair:2)
  5 fire elementals (Volcano)
  7 wyverns
  16 yaks
  4 basilisks (Lair:3)
  2 steam dragons (D:8)
  5 swamp worms (Lair:2)
  An acid dragon (D:8)
  8 water moccasins
  Duvessa (D:4)
  2 orc warriors (D:7)
  3 sky beasts
  4 black bears
  An ice beast (D:7)
  3 ogres
  6 wolves (Lair:3)
  2 centaurs
  2 kobold brigands (D:7)
  3 phantoms
  Blork the orc (D:6)
  2 gnoll sergeants
  A scorpion (D:4)
  8 bullfrogs
  2 earth elementals (Volcano)
  Dowan (D:4)
  3 killer bees (D:8)
  2 vampire bats (D:5)
  3 electric eels (D:3)
  3 howler monkeys
  2 jellies
  4 hounds
  3 orc priests (D:7)
  2 sleepcaps (D:4)
  4 iguanas
  6 orc wizards
  2 hell rats (Lair:3)
  17 gnolls
  5 adders
  A shadow imp (D:6)
  A white imp (D:6)
  An ufetubus (D:6)
  3 worms
  2 dart slugs
  11 orcs
  5 ball pythons
  A bat skeleton (D:5)
  5 bat zombies (D:5)
  4 endoplasms
  4 giant cockroaches
  5 goblins
  11 hobgoblins
  16 kobolds
  3 quokkas
  9 bats
  3 frilled lizards
  3 rats
  A butterfly (D:4)
290 creatures vanquished.

Vanquished Creatures (collateral kills)
  A hydra (Lair:3)
  Joseph (D:8)
  2 rime drakes (Lair:3)
  5 wyverns (Lair:3)
  A basilisk (Lair:3)
  5 wolves (Lair:3)
  A hell rat (Lair:3)
16 creatures vanquished.

Grand Total: 306 creatures vanquished

Notes
Turn   | Place    | Note
-------+----------+-------------------------------------------
     0 | D:1      | innerfire43 the Demonspawn Monk began the quest for the
                  | Orb.
     0 | D:1      | Reached XP level 1. HP: 18/18 MP: 1/1
     0 | D:1      | Upgraded the game from 0.31-a0-360-gb3e1d13bf4 to
                  | 0.31-a0-365-gcf821cafb2
   167 | D:1      | Gained mutation: You are partially covered in large bone
                  | plates. (SH +4) [demonic ancestry]
   167 | D:1      | Reached XP level 2. HP: 22/24 MP: 2/2
   280 | D:1      | Reached skill level 1 in Shapeshifting
   424 | D:1      | You fall into a shaft and drop 1 floor!
   812 | D:1      | Gained mutation: You have large cloven feet. [demonic
                  | ancestry]
   812 | D:1      | Reached XP level 3. HP: 29/29 MP: 3/3
  1430 | D:3      | Upgraded the game from 0.31-a0-365-gcf821cafb2 to
                  | 0.31-a0-435-g2c6fae2916
  1480 | D:3      | Found a transporter.
  1554 | D:3      | Found a transporter.
  1571 | D:3      | Found Heteeque's Antique Weapon Boutique.
  1579 | D:3      | Bought a pitted trident for 187 gold pieces
  1579 | D:3      | Identified the +5 trident "Spiderbane" {protect, rF+} (You
                  | bought it in a shop on level 3 of the Dungeon)
  2055 | D:3      | Gained mutation: You may rarely emit foul miasma when
                  | damaged in melee. [demonic ancestry]
  2055 | D:3      | Reached XP level 4. HP: 35/35 MP: 4/4
  2251 | D:3      | Reached skill level 1 in Polearms
  2251 | D:3      | Reached skill level 2 in Shapeshifting
  2253 | D:3      | Reached XP level 5. HP: 27/41 MP: 5/5
  2373 | D:4      | Found a staircase to the Ecumenical Temple.
  2395 | D:4      | Reached skill level 3 in Shapeshifting
  2429 | Temple   | Entered the Ecumenical Temple
  2468 | Temple   | Became a worshipper of Qazlal Stormbringer
  2468 | Temple   | Reached * piety under Qazlal
  2468 | Temple   | Reached ** piety under Qazlal
  2509 | D:4      | Reached XP level 6. HP: 47/47 MP: 6/6
  2716 | D:4      | Noticed Duvessa
  2719 | D:4      | Noticed Dowan
  2728 | D:4      | Killed Dowan
  2729 | D:4      | Reached skill level 4 in Shapeshifting
  2729 | D:4      | Killed Duvessa
  2730 | D:4      | Reached XP level 7. HP: 33/52 MP: 7/7
  3061 | D:5      | Entered Level 5 of the Dungeon
  3130 | D:5      | Reached skill level 5 in Shapeshifting
  3264 | D:5      | Noticed Prince Ribbit
  3274 | D:5      | Killed Prince Ribbit
  3275 | D:5      | Gained mutation: You are mostly covered in large bone
                  | plates. (SH +6) [demonic ancestry]
  3275 | D:5      | Reached XP level 8. HP: 49/58 MP: 8/8
  3311 | D:5      | Found an ancient bone altar of Kikubaaqudgha.
  3406 | D:5      | Reached *** piety under Qazlal
  3407 | D:5      | Found a shimmering altar of Xom.
  3658 | D:5      | Reached skill level 6 in Shapeshifting
  4017 | D:5      | Reached skill level 5 in Polearms
  4302 | D:6      | Noticed Blork the orc
  4315 | D:6      | Killed Blork the orc
  4316 | D:6      | Reached skill level 7 in Shapeshifting
  4817 | D:7      | Reached skill level 1 in Invocations
  4817 | D:7      | Gained mutation: You sometimes emit foul miasma when
                  | damaged in melee. [demonic ancestry]
  4817 | D:7      | Reached XP level 9. HP: 63/63 MP: 9/9
  5182 | D:7      | Noticed a gargoyle
  5195 | D:7      | Killed a gargoyle
  5273 | D:7      | Reached skill level 8 in Shapeshifting
  5457 | D:7      | Reached **** piety under Qazlal
  5648 | D:7      | Reached skill level 5 in Invocations
  6262 | D:8      | Gained mutation: You frequently emit foul miasma when
                  | damaged in melee. [demonic ancestry]
  6262 | D:8      | Reached XP level 10. HP: 65/70 MP: 12/14
  6308 | D:8      | Found a transporter.
  6309 | D:8      | Found a transporter.
  6311 | D:8      | Found a transporter.
  6427 | D:8      | Noticed a cyclops
  6446 | D:8      | Killed a cyclops
  6447 | D:8      | Reached skill level 9 in Shapeshifting
  6633 | D:8      | Noticed a two-headed ogre
  6637 | D:8      | Killed a two-headed ogre
  6719 | D:8      | Found a shadowy altar of Dithmenos.
  6775 | D:8      | Noticed Erica
  6787 | D:8      | Killed Erica
  6953 | D:8      | Found a transporter.
  7077 | D:8      | Noticed Joseph
  7086 | D:8      | Reached skill level 1 in Armour
  7088 | D:8      | Killed Joseph
  7478 | D:8      | Found a staircase to the Lair.
  7640 | Lair:1   | Entered Level 1 of the Lair of Beasts
  7650 | Lair:1   | Noticed a catoblepas
  7664 | Lair:1   | Killed a catoblepas
  7665 | Lair:1   | Gained mutation: You are completely covered in large bone
                  | plates. (SH +8) [demonic ancestry]
  7665 | Lair:1   | Reached XP level 11. HP: 63/75 MP: 16/16
  7717 | Lair:1   | Reached skill level 10 in Shapeshifting
  7877 | Lair:1   | Noticed a lindwurm
  7879 | Lair:1   | Found a dark tunnel.
  7884 | Lair:1   | Killed a lindwurm
  7916 | Volcano  | Entered a volcano
  8385 | Volcano  | Noticed a lindwurm
  8385 | Volcano  | Noticed a lindwurm
  8393 | Volcano  | Reached skill level 5 in Armour
  8520 | Volcano  | Killed a lindwurm
  8520 | Volcano  | Killed a lindwurm
  9456 | Lair:2   | Reached ***** piety under Qazlal
  9461 | Lair:2   | Reached skill level 11 in Shapeshifting
  9461 | Lair:2   | Gained mutation: You have hoof-like feet. [demonic
                  | ancestry]
  9461 | Lair:2   | Reached XP level 12. HP: 76/81 MP: 19/19
  9595 | Lair:2   | Reached skill level 10 in Invocations
  9595 | Lair:2   | Noticed a seven-headed hydra
  9599 | Lair:2   | Killed a seven-headed hydra
  9675 | Lair:2   | Found a hole to the Spider Nest.
 10293 | Lair:2   | Noticed a seven-headed hydra
 10293 | Lair:2   | Noticed a four-headed hydra
 10297 | Lair:2   | Killed a four-headed hydra
 10298 | Lair:2   | Reached skill level 1 in Spellcasting
 10298 | Lair:2   | Reached skill level 1 in Conjurations
 10298 | Lair:2   | Reached skill level 1 in Earth Magic
 10307 | Lair:2   | Killed a seven-headed hydra
 10489 | Lair:2   | Found a staircase to the Swamp.
 10716 | Lair:3   | Found a transporter.
 10804 | Lair:3   | Noticed Gastronok
 10819 | Lair:3   | Killed Gastronok
 11055 | Lair:3   | Identified a scroll of acquirement
 11067 | Lair:3   | Reached XP level 13. HP: 30/86 MP: 20/20
 11293 | Lair:3   | Reached skill level 5 in Conjurations
 11317 | Lair:3   | Reached skill level 5 in Spellcasting
 11535 | Lair:3   | Acquired a book of the Tundra
 11586 | Lair:3   | Found a transporter.
 11865 | Lair:3   | Collided with a briar patch

Illustrated notes

Levels and vault maps discovered:
D:1:      scummos_arrival_simple_crosswalls, layout_rooms
D:2:      layout_basic
D:3:      gammafunk_steamed_eel, layout_loops_corners, serial_shops, shop,
          minmay_gold_behind_fungi, dk_noncrumbling_3
D:4:      layout_loops_ring, minmay_temple_entry_butterflies, uniq_duvessa
D:5:      layout_basic, xom_teletrap_fun, kennysheep_vampire_church,
          grunt_decor_arrowhead, supply_closet_lemuel, uniq_prince_ribbit1
D:6:      layout_rooms, serial_corexii_hall, corexii_hall_statues_x,
          corexii_hall_statues_i, corexii_hall_statues_deadend,
          corexii_hall_statues_t, kennysheep_generic_room_11, uniq_blork_the_orc
D:7:      kennysheep_housing_project, layout_basic, hangedman_glass_teeth,
          minmay_misc_feat_rows
D:8:      layout_loops_ring, kennysheep_mini, erik_lair_dragon,
          nicolae_diode_quadrants, uniq_joseph, uniq_erica
Temple:   bh_familiar_temple
Lair:1:   layout_regular_city, nicolae_volcano_entry_vermiform
Lair:2:   layout_roguey, palyth_hydra_swamp_entry, spider_nest_entry_rubble,
          infiniplex_staircase_pool_2
Lair:3:   gammafunk_worm_tunnel, layout_misc_corridors, special_room
          [special_room_mythical_zoo], beast_lair_carwin_5, uniq_gastronok

Skill      XL: |  1  2  3  4  5  6  7  8  9 10 11 12 13 |
---------------+----------------------------------------+-----
Shapeshifting  | 1 2 3 4 5 7 8 9 11 | 11.2
Axes           | 3 |  3.1
Dodging        | 3 |  3.1
Polearms       | 1 2 3 4 5 7 8 |  8.9
Invocations    | 1 5 7 9 10 | 10.0
Armour         | 3 6 7 |  7.1
Spellcasting   | 4 5 |  5.0
Conjurations   | 4 5 |  5.4
Earth Magic    | 4 |  4.9
Fighting       | |  3.0

Action                     |  1- 3 |  4- 6 |  7- 9 | 10-12 | 13-15 || total
---------------------------+-------+-------+-------+-------+-------++-------
  Melee: Hand axe          |    84 |       |       |       |       ||    84
         Trident           |    18 |    43 |   232 |   378 |    21 ||   692
         Kick              |    10 |    11 |    54 |   166 |    11 ||   252
 Invoke: Elemental Force   |       |       |       |     1 |     3 ||     4
  Evoke: Wand              |       |     4 |       |     7 |       ||    11
    Use: Potion            |       |     2 |     3 |     5 |     2 ||    12
         Scroll            |       |       |       |     8 |     1 ||     9
 Armour: Robe              |    13 |     7 |    45 |       |       ||    65
         Chain mail        |       |       |     1 |   103 |    38 ||   142
  Dodge: Dodged            |    46 |    19 |    88 |    63 |    19 ||   235
         Repelled          |       |       |       |     5 |     3 ||     8
  Block: Orb               |     8 |     6 |    67 |   157 |    34 ||   272
   Form: Beast             |     1 |       |       |       |       ||     1

Table legend: (Time is in decaauts)
 A = Elapsed time spent in this place.
 B = Non-inter-level travel time spent in this place.
 C = Inter-level travel time spent in this place.
 D = Time resting spent in this place.
 E = Time spent auto-exploring this place.
 F = Levels seen in this place.
 G = Mean time per level.
                   A        B        C        D        E       F      G
               +--------+--------+--------+--------+--------+-----+--------+
         Total |  11858 |  11315 |    543 |      0 |   9520 |  13 |  912.2 |
       Dungeon |   7599 |   7184 |    415 |      0 |   6065 |   8 |  949.9 |
        Temple |     56 |     56 |      0 |      0 |     21 |   1 |   56.0 |
          Lair |   3354 |   3226 |    128 |      0 |   2750 |   3 | 1118.0 |
       Volcano |    847 |    847 |      0 |      0 |    684 |   1 |  847.0 |
               +--------+--------+--------+--------+--------+-----+--------+

Top non-repeatable levels by time:
     D:7: 1451 daAuts
     D:8: 1392 daAuts
  Lair:2: 1251 daAuts
  Lair:3: 1159 daAuts
     D:5: 1095 daAuts
     D:3: 1067 daAuts
  Lair:1: 943 daAuts
 Volcano: 847 daAuts
     D:2: 724 daAuts
     D:4: 646 daAuts
     D:6: 632 daAuts
     D:1: 589 daAuts
  Temple: 56 daAuts
